 Dungeon Crawl Stone Soup version 0.20.0-15-g7f486f2 (webtiles) character file.

113 Naow the Ruffian (level 4, -5/45 HPs)
             Began as a Troll Monk on June 16, 2017.
             Killed from afar by loom's ghost (13 damage)
             ... with a lance of force
             ... on level 3 of the Dungeon.
             The game lasted 00:01:33 (1820 turns).

Naow the Ruffian (Troll Monk)                       Turns: 1820, Time: 00:01:33

Health: -5/45      AC:  5    Str: 20    XL:     4   Next: 65%
Magic:  3/3        EV: 10    Int:  6    God:
Gold:   142        SH:  0    Dex: 12    Spells: 3/3 levels left

rFire    . . .     SeeInvis .     - Unarmed
rCold    . . .     Gourm    +   (no shield)
rNeg     . . .     Faith    .   a - +0 robe
rPois    .         Spirit   .   (helmet restricted)
rElec    .         Reflect  .   (no cloak)
rCorr    .         Harm     .   (gloves unavailable)
MR       .....                  (boots unavailable)
Stlth    ++........             (no amulet)
Regen    0.6/turn               (no ring)
MPRegen  0.1/turn               (no ring)

@: lethally poisoned (-5 -> -7)
A: unfitting armour, claws 3, fast metabolism 3, gourmand, regeneration 1,
shaggy fur 1, tough skin 2
a: no special abilities


You were on level 3 of the Dungeon.
You were completely stuffed.

You visited 1 branch of the dungeon, and saw 3 of its levels.

You collected 142 gold pieces.

Inventory:

Armour
 a - a +0 robe (worn)
Wands
 l - a wand of digging (5/24)
Scrolls
 c - 3 scrolls of identify {unknown}
 e - a scroll of remove curse {unknown}
 j - a scroll of immolation {unknown}
Potions
 h - 3 potions of curing {unknown}
 i - 2 potions of brilliance {unknown}
 m - a potion of resistance {unknown}
Books
 n - a book of Changes

   Spells                             Type                      Level
   a - Beastly Appendage              Transmutation                1
   b - Sticks to Snakes               Transmutation                2
   c - Spider Form                    Transmutation/Poison         3
   d - Ice Form                       Ice/Transmutation            4
   e - Blade Hands                    Transmutation                5
Comestibles
 b - 3 bread rations
 d - 2 meat rations
 f - 5 chunks of flesh
 g - a royal jelly
 k - 5 fruits


   Skills:
 + Level 3.4 Fighting
 - Level 2.4 Dodging
 - Level 1.0 Stealth
 * Level 4.6 Unarmed Combat


You had 3 spell levels left.
You didn't know any spells.

Dungeon Overview and Level Annotations

Branches:
Dungeon (3/15)

Altars:
Qazlal

Annotations:
D:3 1 runed door, loom's ghost, amateur DECj


Innate Abilities, Weirdness & Mutations

You are too large for most types of armour.
You have claws for hands.
Your metabolism is lightning-fast.
You like to eat raw meat.
Your natural rate of healing is unusually fast.
You are covered in fur. (AC +1)
You have very tough skin. (AC +2)


Message History

Loom's ghost is moderately damaged.
You feel sick. Loom's ghost hits you.
You closely miss loom's ghost.
Loom's ghost is moderately damaged.
You feel sick.
You are too injured to fight recklessly!
You feel sick.
You feel sick.
You feel sick.
You feel sick.
Loom's ghost whispers, "They're coming for you..."
You feel sick. Loom's ghost casts a spell at you. The magic dart hits you!
* * * LOW HITPOINT WARNING * * *
You feel sick.
You feel sick. Loom's ghost casts a spell at you. The lance of force hits you!
You die...

#................................
#...#.###..##.##.##.####.#####.##
#.............##..#.####.# #.#
#..#############.........# #.#
#............<###.#.##...# #.#
#..####.....### #.#.##...#####.##
#..# #.....# #)#)...#......รท..
#.#####.....#####.######.#####.##
#...............@...#....##......
#####....#######..........#.##.##
.........### #.#W.#..#..#......
.###......... #.#.....#..#..#.#.
.# #..####### #.#........#..#.#.
.# #..# #.#...#.#.....#.#. .#
#..# #.#.#........#.##.#. .# #..#
#...................
.###..##########.##...##..#......


You could see loom's ghost.

Vanquished Creatures
  An orc wizard (D:3)
  An adder (D:2)
  3 worms (D:2)
  A dart slug (D:2)
  3 orcs (D:3)
  4 giant cockroaches
  5 goblins
  6 hobgoblins
  10 jackals
  7 bats
  4 frilled lizards
  4 kobolds (D:1)
  8 rats
57 creatures vanquished.

Notes
Turn   | Place    | Note
-------+----------+-------------------------------------------
     0 | D:1      | Naow the Troll Monk began the quest for the Orb.
     0 | D:1      | Reached XP level 1. HP: 22/22 MP: 0/0
   348 | D:1      | Reached XP level 2. HP: 24/29 MP: 1/1
   788 | D:1      | Reached XP level 3. HP: 36/36 MP: 2/2
  1077 | D:2      | Reached skill level 4 in Unarmed Combat
  1328 | D:2      | Reached XP level 4. HP: 45/45 MP: 3/3
  1684 | D:3      | Found a stormy altar of Qazlal.
  1735 | D:3      | Found a runed door.
  1806 | D:3      | Noticed loom's ghost (amateur DECj)
  1820 | D:3      | Killed from afar by loom's ghost

Skill      XL: |  1  2  3 |
---------------+----------+-----
Unarmed Combat | 4 |  4.6
Fighting       | 3 |  3.4
Dodging        | |  2.4
Stealth        | |  1.0

Action                   |  1- 3 |  4- 6 || total
-------------------------+-------+-------++-------
Melee: Unarmed           |   103 |    22 ||   125
       Punch             |     4 |       ||     4
 Stab: Sleeping          |     2 |     1 ||     3
  Eat: Chunk             |    18 |     4 ||    22
Armor: Robe              |    43 |     3 ||    46
Dodge: Dodged            |    69 |     5 ||    74
